 Dungeon Crawl Stone Soup version 0.21.1-1-g345015f (webtiles) character file.

86 Supreme the Digger (level 4, -1/24 HPs)
             Began as a Gargoyle Earth Elementalist on Apr 14, 2018.
             Slain by an orc (3 damage)
             ... on level 3 of the Dungeon.
             The game lasted 00:10:22 (1451 turns).

Supreme the Digger (Gargoyle Earth Elementalist)    Turns: 1451, Time: 00:10:23

Health: -1/24      AC:  5    Str: 12    XL:     4   Next: 49%
Magic:  0/7        EV: 12    Int: 16    God:
Gold:   191        SH:  0    Dex: 10    Spells: 5/8 levels left

rFire    + . .     SeeInvis .   h - +0 dagger
rCold    . . .     Gourm    .   (no shield)
rNeg     + . .     Faith    .   c - +0 robe
rPois    ∞         Spirit   .   (no helmet)
rElec    +         Reflect  .   (no cloak)
rCorr    .         Harm     .   (no gloves)
MR       .....                  (no boots)
Stlth    +.........             (no amulet)
HPRegen  0.08/turn              i - ring of protection from fire
MPRegen  0.10/turn              q - ring of loudness (curse)

@: no status effects
A: negative energy resistance 1, electricity resistance, unbreathing,
petrification resistance, rot immunity, AC +3
a: no special abilities


You were on level 3 of the Dungeon.
You were hungry.

You visited 1 branch of the dungeon, and saw 3 of its levels.

You collected 191 gold pieces.

Inventory:

Hand Weapons
 g - a +0 club
 h - a +0 dagger (weapon)
 o - a +0 hunting sling
Missiles
 b - 30 stones (quivered)
 f - 19 poisoned needles
Armour
 c - a +0 robe (worn)
Jewellery
 i - a ring of protection from fire (left hand)
 q - a cursed ring of loudness (right hand)
Scrolls
 a - a scroll of fear {unknown}
 j - a scroll of random uselessness {unknown}
 l - 3 scrolls of identify {unknown}
 n - a scroll of enchant armour {unknown}
Potions
 k - a potion of curing {unknown}
 m - 2 potions of heal wounds {unknown}
Books
 e - a book of Geomancy

   Spells                             Type                      Level
   a - Sandblast                      Earth                        1
   b - Passwall                       Transmutation/Earth          2
   c - Stone Arrow                    Conjuration/Earth            3
   d - Petrify                        Transmutation/Earth          4
   e - Lee's Rapid Deconstruction     Earth                        5
Comestibles
 d - 5 rations
 p - 4 chunks of flesh


   Skills:
 + Level 0.2 Fighting
 + Level 2.2 Dodging
 + Level 3.0 Stealth
 + Level 2.5 Spellcasting
 + Level 0.8 Transmutations
 + Level 4.7 Earth Magic


You had 5 spell levels left.
You knew the following spells:

 Your Spells              Type           Power        Failure   Level  Hunger
a - Sandblast             Erth           ###...       2%          1    #......
b - Passwall              Tmut/Erth      ##........   10%         2    ##.....


Dungeon Overview and Level Annotations

Branches:
Dungeon (3/15)

Altars:
Ru
Trog
Wu Jian


Innate Abilities, Weirdness & Mutations

You are resistant to torment.
Your stone body is resilient. (AC +3)
You are immune to poison.
You resist negative energy. (rN+)
You are resistant to electric shocks. (rElec)
You can survive without breathing.
You are immune to petrification.
You are immune to rotting.


Message History

b - 30 stones The orc hits you but does no damage.
You hit the orc.
The orc is moderately wounded.
The orc closely misses you.
You hit the orc but do no damage.
The orc is moderately wounded.
The orc misses you.
You barely miss the orc.
The orc is moderately wounded.
The orc closely misses you.
You hit the orc.
The orc is almost dead.
The orc hits you.
* * * LOW HITPOINT WARNING * * *
Unknown command.
You closely miss the orc.
The orc is almost dead.
The orc hits you.
You die...

#### #.# P.P# #.# P_##
#.# ...## #.# ....###
#.# ..##).# #.#
#####.## #.#
####...###.############
.....#........ro@....(#
...........##########.#
####.####.## #.# #.#
#.# #.# #.# #.########
#.# #.# #........# #.#
#.# ########.# #.# #..
#.# #.# ### #.# #.#


You could see an orc and a rat.

Vanquished Creatures
  A hound (D:2)
  2 oozes
  A worm (D:2)
  A leopard gecko (D:2)
  2 orcs (D:3)
  3 giant cockroaches
  9 goblins
  3 hobgoblins
  2 jackals (D:1)
  2 kobolds
  A quokka (D:3)
  6 bats
  4 frilled lizards
  3 rats
40 creatures vanquished.

Notes
Turn   | Place    | Note
-------+----------+-------------------------------------------
     0 | D:1      | Supreme the Gargoyle Earth Elementalist began the quest for the Orb.
     0 | D:1      | Reached XP level 1. HP: 10/10 MP: 3/3
    90 | D:1      | Reached skill level 4 in Earth Magic
    90 | D:1      | Reached XP level 2. HP: 15/15 MP: 5/5
    94 | D:1      | Learned a level 2 spell: Passwall
   581 | D:2      | Reached XP level 3. HP: 7/19 MP: 4/6
   674 | D:2      | Reached XP level 4. HP: 12/24 MP: 0/7
  1196 | D:3      | Found a sacrificial altar of Ru.
  1196 | D:3      | Found an ornate altar of the Wu Jian Council.
  1201 | D:3      | Found a bloodstained altar of Trog.
  1451 | D:3      | Slain by an orc

Skill      XL: |  1  2  3 |
---------------+----------+-----
Earth Magic    | 4 |  4.7
Dodging        | 2 |  2.2
Stealth        | 3 |  3.0
Fighting       | |  0.2
Spellcasting   | |  2.5
Transmutations | |  0.8

Action                   |  1- 3 |  4- 6 || total
-------------------------+-------+-------++-------
Melee: Dagger            |    60 |    78 ||   138
       Club              |     4 |       ||     4
 Cast: Sandblast         |    20 |    16 ||    36
       Passwall          |     1 |     1 ||     2
 Stab: Sleeping          |     3 |       ||     3
  Eat: Chunk             |       |     2 ||     2
Armor: Robe              |    27 |    32 ||    59
Dodge: Dodged            |    46 |    59 ||   105
